 Dungeon Crawl Stone Soup version 0.30-a0-793-g160f7cfddd (webtiles) character file.

Game seed: 17141453081526064108

3315 Sabo the Ducker (level 10, 0/124 HPs)
             Began as a Gnoll Wanderer on Feb 19, 2023.
             Was an Initiate of Ashenzari.
             Slain by a kobold brigand
             ... wielding a +0 dagger
              (5 damage)
             ... on level 8 of the Dungeon.
             The game lasted 00:43:44 (7754 turns).

Sabo the Ducker (Gnoll Wanderer)                    Turns: 7754, Time: 00:43:45

Health: 0/124      AC: 10    Str: 13 (14) XL:     10   Next: 1%
Magic:  18/18      EV: 15    Int: 13 (15) God:    Ashenzari [......]
Gold:   435        SH: 12    Dex: 16 (18) Spells: 18/20 levels left

rFire   + . .      SeeInvis +    y - +6 long sword "Ruined Urgency" {speed, Int+2, Bglg, Evo} (curse)
rCold   . . .      Faith    .    k - +2 buckler
rNeg    . . .      Spirit   .    n - +1 robe of the Sea {rF+}
rPois   +          Reflect  +    m - +0 helmet
rElec   .          Harm     .    G - +1 cloak
rCorr   .          Rampage  .    b - +1 pair of gloves
Will    .....                    x - +0 pair of boots Stlth
                                 u - amulet of reflection
HPRegen 0.40/turn                d - +6 ring of dexterity
MPRegen 0.16/turn                h - ring of see invisible

@: berserking (expiring), attractive, hasted, very quick
A: fangs 1, strong nose, distributed training, poison resistance, robust 1
a: Renounce Religion, Shatter the Chains


You were on level 8 of the Dungeon.
You worshipped Ashenzari.
Ashenzari was noncommittal.
You visited 2 branches of the dungeon, and saw 9 of its levels.

You collected 435 gold pieces.

Inventory:

Hand Weapons
 a - a +2 whip of freezing
 j - a +0 sling
 v - the +3 dagger of Instant Death {elec, rPois Str-4 Int+6 Stlth-}
   (You found it on level 5 of the Dungeon)

   Str:       It affects your strength (-4).
   Int:       It affects your intelligence (+6).
   rPois:     It protects you from poison.
   Stlth:     It makes you less stealthy.
 y - the cursed +6 long sword "Ruined Urgency" (weapon) {speed, Int+2, Bglg, Evo}
   (You found it on level 4 of the Dungeon)

   Int:       It affects your intelligence (+2).
   It has a curse which improves the following skills: Beguiling: Conjurations,
   Hexes and Translocations.
   Evocations: Evocations.
 A - a +2 great sword of electrocution
 P - a +4 quarterstaff of chaos
Missiles
 t - 12 poisoned darts
 z - 3 curare-tipped darts
 B - 4 javelins
 E - 5 silver boomerangs
Armour
 b - a +1 pair of gloves (worn)
 k - a +2 buckler (worn)
 m - a +0 helmet (worn)
 n - the +1 robe of the Sea (worn) {rF+}
   (You found it on level 2 of the Dungeon)

   rF:        It protects you from fire.
 x - a +0 pair of boots (worn)
 G - a +1 cloak (worn)
Jewellery
 d - a +6 ring of dexterity (left hand)
 h - a ring of see invisible (right hand)
 u - an amulet of reflection (around neck)
 J - a ring of protection from fire
Wands
 K - a wand of quicksilver (4)
Scrolls
 c - a scroll of fog
 g - 2 scrolls of fear
 o - a scroll of silence
 s - a scroll of poison
 C - a scroll of butterflies {unknown}
 D - a scroll of enchant weapon
 I - a scroll of teleportation
 N - a scroll of noise {unknown}
Potions
 e - 2 potions of brilliance
 f - 3 potions of haste
 i - a potion of magic
 l - 3 potions of lignification
 p - 2 potions of attraction
 q - a potion of heal wounds {unknown}
 r - a potion of might {unknown}
 w - a potion of curing
 F - 3 potions of mutation
 H - a potion of cancellation {unknown}
 L - a potion of ambrosia {unknown}
 O - a potion of degeneration


   Skills:
 + Level 5.7 Fighting
 + Level 5.0 Short Blades
 + Level 5.0 Long Blades
 + Level 5.0 Axes
 + Level 6.8 Maces & Flails
 + Level 5.0 Polearms
 + Level 5.0 Staves
 + Level 5.0 Ranged Weapons
 + Level 5.0 Throwing
 + Level 5.7 Armour
 + Level 6.8 Dodging
 + Level 5.0 Stealth
 + Level 5.0 Shields
 + Level 5.0 Unarmed Combat
 + Level 5.8 Spellcasting
 + Level 4.1(4.5) Conjurations
 + Level 4.1(4.5) Hexes
 + Level 4.1 Summonings
 + Level 4.1 Necromancy
 + Level 4.1(4.5) Translocations
 + Level 4.1 Transmutations
 + Level 5.7 Fire Magic
 + Level 4.1 Ice Magic
 + Level 4.1 Air Magic
 + Level 4.1 Earth Magic
 + Level 4.1 Poison Magic
 + Level 5.5 Invocations
 + Level 5.7(6.1) Evocations


You had 18 spell levels left.
You knew the following spells:

 Your Spells              Type           Power      Damage    Failure   Level
a - Foxfire               Conj/Fire      68%        2x1d7     2%          1
b - Shock                 Conj/Air       60%        1d6       3%          1

Your spell library contained the following spells:

 Spells                   Type           Power      Damage    Failure   Level
 Beastly Appendage        Tmut           28%        N/A       4%          1
 Wereblood                Tmut           14%        N/A       6%          2
 Inner Flame              Hex/Fire       17%        N/A       9%          3
 Ignite Poison            Fire/Tmut/Pois 15%        N/A       10%         3
 Spider Form              Tmut/Pois      14%        N/A       12%         3
 Swiftness                Air            14%        N/A       12%         3
 Airstrike                Air            7%         2d(1-17)  36%         4


Dungeon Overview and Level Annotations

Branches:
Dungeon (8/15)             Temple (1/1) D:6
   Lair: D:8-11

Altars:
Ashenzari
Dithmenos
Elyvilon
Hepliaklqana
Kikubaaqudgha
Nemelex Xobeh
Okawaru
Qazlal
Ru
Sif Muna
Uskayaw
Vehumet
Wu Jian
Yredelemnul
Zin
The Shining One

Shops:
D:5 :


Innate Abilities, Weirdness & Mutations

You have very sharp teeth.
Your uncanny sense of smell can sniff out nearby items.
Your experience applies equally to all skills.
Your system is resistant to poisons. (rPois)
You are robust. (+10% HP)


Message History

The kobold barely misses you. You block the kobold's attack.
The kobold hits you but does no damage. You block the kobold brigand's attack.
The kobold closely misses you.
You completely miss the wight. You barely miss the wight.
You block the wight's attack. The kobold barely misses you.
The kobold hits you but does no damage. The kobold closely misses you.
The kobold brigand closely misses you. The kobold misses you.
You slash the wight!
You destroy the wight!
Your Short Blades skill increases to level 5!
Your Long Blades skill increases to level 5!
Your Axes skill increases to level 5!
Your Polearms skill increases to level 5!
Your Staves skill increases to level 5!
Your Ranged Weapons skill increases to level 5!
Your Throwing skill increases to level 5!
Your Stealth skill increases to level 5!
Your Shields skill increases to level 5!
Your Unarmed Combat skill increases to level 5!
You have reached level 10!
You closely miss the kobold. You bite the kobold.
You kill the kobold!
You block the kobold's attack. x2; The kobold barely misses you.
The kobold brigand hits you but does no damage.
You slice the orc wizard!!
You kill the orc wizard!
The orc warrior is attracted toward you.
You closely miss the orc warrior. You closely miss the orc warrior.
You bite the orc warrior, but do no damage.
You block the orc warrior's attack. You block the kobold's attack.
The kobold hits you but does no damage. The kobold misses you.
The kobold brigand barely misses you.
You slash the orc warrior!
The orc warrior is moderately wounded.
You block the orc warrior's attack. The kobold closely misses you.
You block the kobold's attack.
The kobold brigand hits you with a +0 dagger.
You die...

#..##..##
##.......##
##.....<...#
#...........
#...........
#...o.<.....
#..KKK......
#..)@o§.....
#..K####.###
#... ##..
... ....
##... ##..


You could see an orc warrior, a kobold brigand, an orc wizard (invisible) and 3
kobolds.

Vanquished Creatures
  Pikel (D:5)
  Grinder (D:4)
  A steam dragon (D:8)
  3 water moccasins
  3 black bears
  An orc warrior (D:6)
  2 ice beasts (D:7)
  An ogre (D:5)
  2 phantoms (D:6)
  A lemure (D:5)
  5 necrophages
  2 scorpions (D:4)
  A wight (D:8)
  The ghost of DskReedErrur the Insei, a weakling DsTm (D:3)
  6 hounds
  A jelly (D:4)
  Crazy Yiuf (D:7)
  5 orc priests
  A gnoll bouda (D:4)
  Natasha (thrice) (D:3)
  An iguana (D:3)
  5 orc wizards
  9 gnolls
  Robin (D:2)
  7 adders
  3 worms (D:2)
  A dart slug (D:1)
  23 orcs
  9 ball pythons
  6 endoplasms
  2 giant cockroaches
  12 goblins
  11 hobgoblins
  2 jackals (D:4)
  6 quokkas
  4 bats
  5 frilled lizards
  11 kobolds
  6 rats
166 creatures vanquished.

Vanquished Creatures (others)
  79 foxfires
79 creatures vanquished.

Grand Total: 245 creatures vanquished

Notes
Turn   | Place    | Note
-------+----------+-------------------------------------------
     0 | D:1      | Sabo the Gnoll Wanderer began the quest for the Orb.
     0 | D:1      | Sabo set off with the following items: a +0 mace, a +0 pair
                  | of gloves, a scroll of fog, a +0 leather armour; and the
                  | following spell memorised: Foxfire; and the following
                  | spells available to memorise: Inner Flame, Ignite Poison.
     0 | D:1      | Reached XP level 1. HP: 17/17 MP: 4/4
   140 | D:1      | Reached XP level 2. HP: 21/23 MP: 5/5
   350 | D:1      | Reached XP level 3. HP: 25/28 MP: 7/7
   682 | D:2      | Reached skill level 1 in Invocations
   688 | D:2      | Noticed Robin
   697 | D:2      | Killed Robin
   698 | D:2      | Reached skill level 1 in Short Blades
   698 | D:2      | Reached skill level 1 in Long Blades
   698 | D:2      | Reached skill level 1 in Axes
   698 | D:2      | Reached skill level 1 in Polearms
   698 | D:2      | Reached skill level 1 in Staves
   698 | D:2      | Reached skill level 1 in Ranged Weapons
   698 | D:2      | Reached skill level 1 in Throwing
   698 | D:2      | Reached skill level 1 in Stealth
   698 | D:2      | Reached skill level 1 in Shields
   698 | D:2      | Reached skill level 1 in Unarmed Combat
   721 | D:2      | Reached XP level 4. HP: 33/34 MP: 8/8
   838 | D:2      | Identified the +1 robe of the Sea {rF+}
  1020 | D:2      | Reached skill level 1 in Conjurations
  1020 | D:2      | Reached skill level 1 in Hexes
  1020 | D:2      | Reached skill level 1 in Summonings
  1020 | D:2      | Reached skill level 1 in Necromancy
  1020 | D:2      | Reached skill level 1 in Translocations
  1020 | D:2      | Reached skill level 1 in Transmutations
  1020 | D:2      | Reached skill level 1 in Ice Magic
  1020 | D:2      | Reached skill level 1 in Air Magic
  1020 | D:2      | Reached skill level 1 in Earth Magic
  1020 | D:2      | Reached skill level 1 in Poison Magic
  1467 | D:3      | Found a faded altar of an unknown god.
  1931 | D:3      | Noticed Natasha
  1940 | D:3      | Killed Natasha
  1941 | D:3      | Reached XP level 5. HP: 11/41 MP: 9/9
  2326 | D:3      | Found a runed translucent gate.
  2327 | D:3      | Found a runed translucent gate.
  2328 | D:3      | Found a runed translucent gate.
  2328 | D:3      | Noticed DskReedErrur's ghost (weakling DsTm)
  2376 | D:3      | Noticed Natasha
  2385 | D:3      | Killed Natasha
  2632 | D:3      | Noticed Natasha
  2643 | D:3      | Killed Natasha
  2644 | D:3      | Reached XP level 6. HP: 22/47 MP: 11/11
  2833 | D:3      | Killed DskReedErrur's ghost
  2834 | D:3      | Reached skill level 5 in Maces & Flails
  2834 | D:3      | Reached skill level 5 in Dodging
  3351 | D:4      | Reached XP level 7. HP: 52/52 MP: 9/12
  3699 | D:4      | Identified the +6 long sword of Umuq Noe {speed, Int+2}
  3929 | D:4      | Noticed Grinder
  3930 | D:4      | Paralysed by Grinder for 2 turns
  3942 | D:4      | Killed Grinder
  4489 | D:5      | Entered Level 5 of the Dungeon
  4505 | D:5      | Found Ogoulapt's Book Emporium.
  4505 | D:5      | Identified the +3 dagger of Instant Death {elec, rPois
                  | Str-4 Int+6 Stlth-}
  4618 | D:5      | Reached XP level 8. HP: 60/60 MP: 14/14
  4667 | D:5      | Noticed Pikel
  4685 | D:5      | Killed Pikel
  4909 | D:5      | Reached skill level 5 in Fire Magic
  5078 | D:5      | Reached XP level 9. HP: 62/67 MP: 16/16
  5125 | D:5      | Reached skill level 5 in Spellcasting
  5476 | D:6      | Reached skill level 5 in Fighting
  5476 | D:6      | Reached skill level 5 in Armour
  5476 | D:6      | Reached skill level 5 in Evocations
  5860 | D:6      | Reached skill level 5 in Invocations
  6503 | D:6      | Found a staircase to the Ecumenical Temple.
  6517 | Temple   | Entered the Ecumenical Temple
  6570 | Temple   | Became a worshipper of Ashenzari the Shackled
  6937 | D:7      | Learned a level 1 spell: Shock
  7391 | D:7      | Found a runed translucent door.
  7392 | D:7      | Noticed Crazy Yiuf
  7402 | D:7      | Killed Crazy Yiuf
  7695 | D:8      | Noticed a death yak
  7695 | D:8      | Noticed a death yak
  7696 | D:8      | Noticed a death yak
  7696 | D:8      | Noticed a death yak
  7696 | D:8      | Noticed a death yak
  7697 | D:8      | Noticed a death yak
  7733 | D:8      | HP: 3/68 [kobold brigand/+0 dagger (3)]
  7734 | D:8      | Gained mutation: You are robust. (+10% HP) [potion of
                  | mutation]
  7734 | D:8      | Gained mutation: Your system is resistant to poisons.
                  | (rPois) [potion of mutation]
  7736 | D:8      | HP: 1/74 [steam dragon (3)]
  7744 | D:8      | HP: 2/111 [kobold brigand/+0 dagger (5)]
  7750 | D:8      | Reached skill level 5 in Short Blades
  7750 | D:8      | Reached skill level 5 in Long Blades
  7750 | D:8      | Reached skill level 5 in Axes
  7750 | D:8      | Reached skill level 5 in Polearms
  7750 | D:8      | Reached skill level 5 in Staves
  7750 | D:8      | Reached skill level 5 in Ranged Weapons
  7750 | D:8      | Reached skill level 5 in Throwing
  7750 | D:8      | Reached skill level 5 in Stealth
  7750 | D:8      | Reached skill level 5 in Shields
  7750 | D:8      | Reached skill level 5 in Unarmed Combat
  7750 | D:8      | Reached XP level 10. HP: 4/83 MP: 18/18
  7754 | D:8      | Slain by a kobold brigand

Illustrated notes

Levels and vault maps discovered:
D:1:      erik_arrival_orb_chamber, layout_rooms
D:2:      layout_basic, uniq_robin
D:3:      layout_basic, ebering_ecumenical_altar_sacrificial,
          gammafunk_ghost_split, grunt_decor_resistance, uniq_natasha
D:4:      layout_basic, uniq_grinder
D:5:      layout_rooms, serial_shops, shop, uniq_pikel
D:6:      layout_layer_cave, minmay_temple_entry_mist
D:7:      layout_layer_cave, uniq_crazy_yiuf_cottage
D:8:      layout_rooms, trog_antimagical, dpeg_lair_monsters, nzn_ghost_randoct,
          minivault_19, minmay_fire_ice_demons
Temple:   compressed_dpeg_triangle_lava_temple

Skill      XL: |  1  2  3  4  5  6  7  8  9 |
---------------+----------------------------+-----
Invocations    | 1 2 3 4 5 |  5.5
Short Blades   | 1 2 3 4 5 |  5.0
Long Blades    | 1 2 3 4 5 |  5.0
Axes           | 1 2 3 4 5 |  5.0
Polearms       | 1 2 3 4 5 |  5.0
Staves         | 1 2 3 4 5 |  5.0
Ranged Weapons | 1 2 3 4 5 |  5.0
Throwing       | 1 2 3 4 5 |  5.0
Stealth        | 1 2 3 4 5 |  5.0
Shields        | 1 2 3 4 5 |  5.0
Unarmed Combat | 1 2 3 4 5 |  5.0
Spellcasting   | 3 4 5 |  5.8
Conjurations   | 1 2 3 4 |  4.1
Hexes          | 1 2 3 4 |  4.1
Summonings     | 1 2 3 4 |  4.1
Necromancy     | 1 2 3 4 |  4.1
Translocations | 1 2 3 4 |  4.1
Transmutations | 1 2 3 4 |  4.1
Ice Magic      | 1 2 3 4 |  4.1
Air Magic      | 1 2 3 4 |  4.1
Earth Magic    | 1 2 3 4 |  4.1
Poison Magic   | 1 2 3 4 |  4.1
Fighting       | 3 4 5 |  5.7
Armour         | 3 4 5 |  5.7
Evocations     | 3 4 5 |  5.7
Fire Magic     | 4 5 |  5.7
Maces & Flails | 5 6 |  6.8
Dodging        | 5 6 |  6.8

Action                     |  1- 3 |  4- 6 |  7- 9 | 10-12 || total
---------------------------+-------+-------+-------+-------++-------
  Melee: Hand axe          |    83 |   142 |    12 |       ||   237
         Bite              |    12 |    12 |    28 |     2 ||    54
         Long sword        |       |       |   271 |     5 ||   276
   Cast: Foxfire           |       |    10 |    38 |       ||    48
 Invoke: Curse Item        |       |       |     1 |       ||     1
    Use: Scroll            |     5 |     3 |     5 |       ||    13
         Potion            |       |       |     7 |       ||     7
   Stab: Sleeping          |     1 |     4 |     2 |       ||     7
 Armour: Leather armour    |    36 |       |       |       ||    36
         Robe              |       |    20 |    72 |     2 ||    94
  Dodge: Dodged            |    80 |    76 |   136 |     4 ||   296
  Block: Buckler           |    17 |    44 |   192 |     6 ||   259

Table legend: (Time is in decaauts)
 A = Elapsed time spent in this place.
 B = Non-inter-level travel time spent in this place.
 C = Inter-level travel time spent in this place.
 D = Time resting spent in this place.
 E = Time spent auto-exploring this place.
 F = Levels seen in this place.
 G = Mean time per level.
                   A        B        C        D        E       F      G
               +--------+--------+--------+--------+--------+-----+--------+
         Total |   7795 |   7795 |      0 |   1632 |      0 |   9 |  866.1 |
       Dungeon |   7712 |   7712 |      0 |   1632 |      0 |   8 |  964.0 |
        Temple |     82 |     82 |      0 |      0 |      0 |   1 |   82.0 |
               +--------+--------+--------+--------+--------+-----+--------+

Top non-repeatable levels by time:
     D:3: 1743 daAuts
     D:4: 1468 daAuts
     D:6: 1229 daAuts
     D:5: 952 daAuts
     D:7: 876 daAuts
     D:1: 729 daAuts
     D:2: 642 daAuts
  Temple: 82 daAuts
     D:8: 70 daAuts
